 Dungeon Crawl Stone Soup version 0.29-a0-824-gd827844252 (webtiles) character file.

Game seed: 1696283410677800148

685 buhh the Insei (level 7, -4/55 HPs)
             Began as a Demonspawn Transmuter on July 9, 2022.
             Slain by a two-headed ogre
             ... wielding a +0 giant club
              (9 damage)
             ... on level 5 of the Dungeon.
             The game lasted 00:06:33 (5465 turns).

buhh the Insei (Demonspawn Transmuter)              Turns: 5465, Time: 00:06:33

Health: -4/55      AC:  2    Str: 11    XL:     7   Next: 35%
Magic:  3/10       EV: 22    Int: 16    God:
Gold:   359        SH:  0    Dex: 18    Spells: 4/10 levels left

rFire   . . .      SeeInvis .     - Unarmed
rCold   . . .      Faith    .   (shield currently unavailable)
rNeg    . . .      Spirit   .   (body armour currently unavailable)
rPois   x          Reflect  .   (helmet currently unavailable)
rElec   .          Harm     .   (cloak currently unavailable)
rCorr   .          Rampage  .   (gloves currently unavailable)
Will    .....                   (boots currently unavailable)
Stlth   ++........              (no amulet)
HPRegen 0.18/turn               n - ring of wizardry
MPRegen 0.12/turn               (no ring)

@: spider-form (expiring), wereblooded, very slightly contaminated, hasted, very
quick
A: venomous fangs, tiny, demonic magic 3, (weakness stinger 1)
a: End Transformation


You were on level 5 of the Dungeon.
You were a venomous arachnid creature.
You visited 2 branches of the dungeon, and saw 6 of its levels.
You also visited: Sewer.

You collected 359 gold pieces.

Inventory:

Missiles
 p - 2 poisoned darts
Armour
 a - a +0 robe (melded)
 o - a +0 pair of gloves (melded)
Jewellery
 n - a ring of wizardry (left front leg)
Wands
 m - a wand of charming (2)
 u - a wand of polymorph (7)
Scrolls
 e - 2 scrolls of teleportation {!d}
 f - 2 scrolls of poison
 k - 4 scrolls of fog
 l - a scroll of amnesia
 q - a scroll of enchant weapon {unknown}
 r - a scroll of fear {!r}
 s - a scroll of silence {unknown}
 t - a scroll of identify {!d}
 v - a scroll of brand weapon {unknown}
 w - a scroll of vulnerability {unknown}
Potions
 b - a potion of ambrosia {!q!d}
 c - a potion of curing {!q!d}
 d - a potion of brilliance {unknown}
 g - 2 potions of degeneration {unknown}
 h - 2 potions of cancellation {unknown}
 i - a potion of haste {!q!d}
 j - 2 potions of lignification {!d}
 x - a potion of invisibility {unknown}


   Skills:
 + Level 4.4 Fighting
 + Level 4.4 Dodging
 + Level 4.9 Unarmed Combat
 - Level 2.3 Spellcasting
 - Level 2.1 Transmutations


You had 4 spell levels left.
You knew the following spells:

 Your Spells              Type           Power      Damage    Failure   Level
a - Beastly Appendage     Tmut           16%        N/A       9%          1
b - Wereblood             Tmut           8%         N/A       12%         2
c - Spider Form           Tmut/Pois      5%         N/A       28%         3

Your spell library contained the following spells:

 Spells                   Type           Power      Damage    Failure   Level
 Apportation              Tloc           2%         N/A       17%         1
 Necrotise                Necr           4%         1d4       17%         1
 Summon Small Mammal      Summ           4%         N/A       17%         1
 Gell's Gravitas          Tloc           1%         N/A       38%         3
 Lesser Beckoning         Tloc           1%         N/A       38%         3
 Teleport Other           Tloc           1%         N/A       38%         3
 Vampiric Draining        Necr           1%         2d6       38%         3
 Ice Form                 Ice/Tmut       5%         N/A       61%         4
 Alistair's Intoxication  Tmut/Pois      3%         N/A       89%         5
 Agony                    Necr           1%         N/A       96%         5
 Borgnjor's Vile Clutch   Necr/Erth      0%         N/A       96%         5
 Eringya's Noxious Bog    Tmut/Pois      2%         N/A       100%        6


Dungeon Overview and Level Annotations

Branches:
Dungeon (5/15) Zot: 24921  Temple (1/1) D:4 Zot: 5813   Sewer (visited)

Altars:
Dithmenos
Gozag
Hepliaklqana
Makhleb
Okawaru
Qazlal
Ru
Uskayaw
Vehumet
Wu Jian
Xom
Yredelemnul

Shops:
D:2 (

Annotations:
D:3 2 transporters, exclusion: downstairs, dolemite99's ghost, amateur MiTm


Innate Abilities, Weirdness & Mutations

You are a venomous arachnid creature.
You have poisonous fangs.
You are tiny and dextrous.
Your spellcasting is less reliable in this form.
Your armour is entirely melded.
You are incapable of wielding weapons or throwing items.
Spells you cast and wands you use may paralyse nearby enemies.
((You have a small tail.))


Message History

The hound bites you.
You barely miss the hound. You claw the hound. You headbutt the hound.
You kill the hound!
No target in view!
Your horns disappear.
Your talons disappear.
x - a lumpy clear potion A two-headed ogre comes into view.
It is wielding two +0 giant clubs.
Found a stone staircase leading down.
The two-headed ogre shouts in stereo!
You hear an angry hiss.
A two-headed ogre is nearby!
A two-headed ogre is nearby!
A two-headed ogre is nearby!
Okay, then.
Really quaff
i - 2 potions of haste {!q!d}?
You feel yourself speed up.
You turn into a venomous arachnid creature.
Your +0 pair of gloves melds into your body.
Your +0 robe melds into your body.
Malevolent energies surge around you.
An adder comes into view.
You miscast Wereblood.
You are very lightly contaminated with residual magic.
Nothing appears to happen.
Your blood is infused with primal strength.
Malevolent energies surge around you.
You hit the two-headed ogre but do no damage.
Your transformation is almost over.
The two-headed ogre barely misses you.
The two-headed ogre hits you with a +0 giant club!
You hit the two-headed ogre.
The two-headed ogre is poisoned.
The two-headed ogre is lightly wounded.
You bite the two-headed ogre!
The two-headed ogre is moderately wounded.
You hit the two-headed ogre but do no damage.
The two-headed ogre looks as sick as possible!
The two-headed ogre is moderately wounded.
The two-headed ogre hits you with a +0 giant club!!!
Ouch! That really hurt!
* * * LOW HITPOINT WARNING * * *
The two-headed ogre hits you with a +0 giant club!
You die...

....#####.......##
.....#............ #
##...........# .#
#.>.....#..## ...
#.#.....##..####....
###....#..###.........
.....#†..###....#..#.
.....##...#....###.#
.....####.#.....sO.#
.....# #........#S.#
.................# .#
.............###.. ..
....#..###..# #### .>
....#.## ### .. '


You could see a two-headed ogre (extremely poisoned) and an adder.

Vanquished Creatures
  An orc warrior (D:5)
  An ogre (D:4)
  A scorpion (D:4)
  6 orc priests
  A hound (D:5)
  A jelly (D:4)
  An iguana (D:4)
  An orc wizard (D:4)
  5 adders
  2 worms (D:2)
  19 orcs
  9 bats
  5 endoplasms
  3 giant cockroaches
  12 goblins
  4 hobgoblins
  7 jackals
  4 quokkas
  6 ball pythons
  2 frilled lizards
  2 kobolds (D:2)
  2 rats
  A spectral goblin (D:2)
96 creatures vanquished.

Notes
Turn   | Place    | Note
-------+----------+-------------------------------------------
     0 | D:1      | buhh the Demonspawn Transmuter began the quest for the Orb.
     0 | D:1      | Reached XP level 1. HP: 15/15 MP: 3/3
   375 | D:1      | Gained mutation: Spells you cast may paralyse adjacent
                  | enemies. [demonic ancestry]
   375 | D:1      | Reached XP level 2. HP: 20/21 MP: 3/5
   891 | D:2      | Identified the +7 sling of Yredelemnul, Building {vorpal,
                  | Will+ MP+9 Stlth+}
  1335 | D:2      | Gained mutation: Spells you cast may paralyse nearby
                  | enemies. [demonic ancestry]
  1335 | D:2      | Reached XP level 3. HP: 16/26 MP: 3/6
  1644 | D:2      | Found a faded altar of an unknown god.
  1988 | D:2      | Found Punyfrow's Antique Weapon Boutique.
  2275 | D:3      | Found a stormy altar of Qazlal.
  2292 | D:3      | Noticed dolemite99's ghost (amateur MiTm)
  2400 | D:3      | HP: 1/27 [poisoned by an adder]
  2401 | D:3      | Gained mutation: You have a small tail. [demonic ancestry]
  2401 | D:3      | Reached XP level 4. HP: 1/33 MP: 3/7
  2467 | D:3      | Found a transporter.
  2616 | D:3      | Found a glowing drain.
  2634 | Sewer    | Entered a sewer
  2774 | Sewer    | Noticed Pargi
  3073 | D:3      | Found a transporter.
  3300 | D:4      | Noticed an ogre
  3603 | D:3      | Learned a level 2 spell: Wereblood
  3607 | D:3      | Learned a level 3 spell: Spider Form
  3617 | D:4      | Reached XP level 5. HP: 30/39 MP: 5/8
  3747 | D:4      | Killed an ogre
  3810 | D:4      | Found a staircase to the Ecumenical Temple.
  3816 | Temple   | Entered the Ecumenical Temple
  4064 | D:4      | Reached XP level 6. HP: 35/47 MP: 2/9
  4138 | D:4      | Found an opulent altar of Gozag.
  5041 | D:5      | Entered Level 5 of the Dungeon
  5126 | D:5      | Noticed an orc warrior
  5144 | D:5      | Killed an orc warrior
  5145 | D:5      | Gained mutation: Spells you cast and wands you use may
                  | paralyse nearby enemies. [demonic ancestry]
  5145 | D:5      | Reached XP level 7. HP: 38/54 MP: 1/10
  5456 | D:5      | Noticed a two-headed ogre
  5465 | D:5      | Slain by a two-headed ogre

Illustrated notes

Levels and vault maps discovered:
D:1:      lemuel_arrival_cross, layout_basic
D:2:      minmay_spotlight, layout_basic, serial_shops,
          nicolae_shop_window_shopping,
          dreamdust_ecumenical_altar_drowned_temple, minivault_26
D:3:      layout_basic, lemuel_crystal_altar, gammafunk_ghost_stat_death,
          portal_sewer_entry_d, minmay_strange_pillars, minmay_diced_spiral
D:4:      cheibrodos_greedy_goblins, layout_loops_cross,
          nicolae_gozag_seed_capital, minmay_temple_entry_fiery, minmay_bisected
D:5:      layout_cave_pools, mainiacjoe_overflow_alcove_4, zin_statuary,
          lemuel_round_altar, grunt_temple_overflow_open,
          kennysheep_generic_room_12
Temple:   bh_familiar_temple

Skill      XL: |  1  2  3  4  5  6 |
---------------+-------------------+-----
Dodging        | 2 3 4 |  4.4
Transmutations | 2 |  2.1
Unarmed Combat | 3 4 |  4.9
Fighting       | 2 3 4 |  4.4
Spellcasting   | |  2.3

Action                   |  1- 3 |  4- 6 |  7- 9 || total
-------------------------+-------+-------+-------++-------
Melee: Unarmed           |    97 |   130 |    19 ||   246
       Kick              |    22 |    11 |     6 ||    39
       Headbutt          |    14 |     7 |     1 ||    22
       Punch             |     1 |     1 |       ||     2
       Tailslap          |       |     4 |       ||     4
 Cast: Beastly Appendage |    31 |    18 |     2 ||    51
       Spider Form       |       |    11 |     1 ||    12
       Wereblood         |       |     4 |     2 ||     6
Evoke: Wand              |       |     3 |       ||     3
  Use: Potion            |     1 |     2 |     2 ||     5
       Scroll            |       |     9 |       ||     9
 Stab: Paralysed         |     3 |     5 |       ||     8
       Sleeping          |     1 |     1 |       ||     2
Armor: Robe              |    16 |    17 |       ||    33
       Skin              |     3 |     3 |       ||     6
Dodge: Dodged            |    55 |   105 |    15 ||   175

Table legend: (Time is in decaauts)
 A = Elapsed time spent in this place.
 B = Non-inter-level travel time spent in this place.
 C = Inter-level travel time spent in this place.
 D = Time resting spent in this place.
 E = Time spent auto-exploring this place.
 F = Levels seen in this place.
 G = Mean time per level.
                   A        B        C        D        E       F      G
               +--------+--------+--------+--------+--------+-----+--------+
         Total |   5462 |   5285 |    177 |    238 |   4194 |   7 |  780.3 |
       Dungeon |   5077 |   4920 |    157 |    238 |   3904 |   5 | 1015.4 |
        Temple |    186 |    166 |     20 |      0 |    163 |   1 |  186.0 |
         Sewer |    198 |    198 |      0 |      0 |    127 |   1 |  198.0 |
               +--------+--------+--------+--------+--------+-----+--------+

Top non-repeatable levels by time:
     D:2: 1414 daAuts
     D:4: 1258 daAuts
     D:3: 1152 daAuts
     D:1: 832 daAuts
     D:5: 419 daAuts
   Sewer: 198 daAuts
  Temple: 186 daAuts
